 Dungeon Crawl Stone Soup version 0.27.1-1-g398f81649c (webtiles) character file.

Game seed: 2128194275484179832

3709 funkygono the Thaumaturge (level 10, 0/52 HPs)
             Began as a Gargoyle Fire Elementalist on Sept 12, 2021.
             Was a Follower of Vehumet.
             Blown up by Maurice (24 damage)
             ... with a mindburst bolt
             ... on level 8 of the Dungeon.
             The game lasted 00:22:45 (10220 turns).

funkygono the Thaumaturge (GrFE)                   Turns: 10220, Time: 00:22:46

Health: 0/52       AC: 16    Str: 11    XL:     10   Next: 14%
Magic:  12/22      EV: 16    Int: 20    God:    Vehumet [*.....]
Gold:   317        SH:  0    Dex: 10    Spells: 1/26 levels left

rFire    . . .     SeeInvis .   h - +2 mace (protect)
rCold    . . .     Faith    .   (no shield)
rNeg     + . .     Spirit   .   q - +0 steam dragon scales
rPois    ∞         Reflect  .   j - +0 helmet
rElec    +         Harm     .   (no cloak)
rCorr    .         Rampage  .   g - +1 pair of gloves
Will     .....                  z - +0 pair of boots
Stlth    ++........             (no amulet)
HPRegen  0.17/turn              b - +4 ring of evasion
MPRegen  0.18/turn              (no ring)

@: very slightly contaminated
A: sickness immunity, AC +7, negative energy resistance 1, electricity
resistance, torment resistance 1, petrification resistance
a: Renounce Religion


You were on level 8 of the Dungeon.
You worshipped Vehumet.
Vehumet was aware of your devotion.
You visited 2 branches of the dungeon, and saw 9 of its levels.

You collected 317 gold pieces.

Inventory:

Hand Weapons
 d - a +0 flail
 h - a +2 mace of protection (weapon)
 r - a +0 whip
 u - a +2 mace of protection
Missiles
 c - 178 stones
Armour
 g - a +1 pair of gloves (worn)
 i - a +2 animal skin
 j - a +0 helmet (worn)
 k - a +1 chain mail of cold resistance
 q - +0 steam dragon scales (worn)
 x - a +0 buckler
 z - a +0 pair of boots (worn)
Magical Staves
 y - a staff of cold
Jewellery
 b - a +4 ring of evasion (left hand)
 l - an amulet of faith
 o - a ring of ice
Wands
 s - a wand of iceblast (5) (quivered)
 A - a wand of acid (8)
Scrolls
 v - a scroll of vulnerability
Potions
 a - a potion of might
 e - 4 potions of haste
 f - 6 potions of curing
 m - 2 potions of lignification
 n - 3 potions of heal wounds
 p - 3 potions of flight {unknown}
 t - a potion of brilliance {unknown}
 w - 2 potions of magic {unknown}


   Skills:
 + Level 1.4 Fighting
 + Level 2.1 Maces & Flails
 + Level 2.4 Dodging
 - Level 2.1 Stealth
 * Level 8.5 Spellcasting
 * Level 6.8 Conjurations
 * Level 7.5 Fire Magic
 * Level 5.5 Earth Magic


You had one spell level left.
You knew the following spells:

 Your Spells              Type           Power      Damage    Failure   Level
a - Foxfire               Conj/Fire      100%       2x1d9     1%          1
b - Conjure Flame         Conj/Fire      37%        6-21      1%          3
c - Sticky Flame          Conj/Fire      37%        2d6       4%          4
d - Fireball              Conj/Fire      18%        3d9       12%         5
e - Bolt of Magma         Conj/Fire/Erth 17%        4d9       14%         5
f - Starburst             Conj/Fire      18%        6d7       54%         6
h - Sandblast             Erth           60%        2d14      1%          1

Your spell library contained the following spells:

 Spells                   Type           Power      Damage    Failure   Level
 Magic Dart               Conj           100%       1d8       1%          1
 Animate Skeleton         Necr           16%        N/A       9%          1
 Pain                     Necr           32%        1d5       9%          1
 Passwall                 Tmut/Erth      15%        N/A       4%          2
 Inner Flame              Hex/Fire       23%        N/A       5%          3
 Vampiric Draining        Necr           4%         2d6       24%         3
 Lee's Rapid Deconstruct  Erth           15%        3d11*     24%         5
 Animate Dead             Necr           4%         N/A       63%         4
 Summon Lightning Spire   Summ/Air       8%         N/A       63%         4
 Silence                  Hex/Air        4%         N/A       92%         5
 Chain Lightning          Conj/Air       11%        3d14      100%        9


Dungeon Overview and Level Annotations

Branches:
Dungeon (8/15)             Temple (1/1) D:5
   Lair: D:8-11

Altars:
Ashenzari
Cheibriados
Dithmenos
Elyvilon
Fedhas
Gozag
Hepliaklqana
Kikubaaqudgha
Makhleb
Nemelex Xobeh
Okawaru
Qazlal
Ru
Sif Muna
Trog
Uskayaw
Vehumet
Wu Jian
Xom
Yredelemnul
The Shining One

Shops:
D:3 [

Annotations:
D:4 1 runed translucent door, Zleub's ghost, novice HOFi
D:6 3 runed translucent doors, tevior's ghost, novice DDEE
D:8 Joseph; Maurice


Innate Abilities, Weirdness & Mutations

You are immune to sickness and miasma.
Your stone body is resilient. (AC +7)
You are immune to poison.
You resist negative energy. (rN+)
You are resistant to electric shocks. (rElec)
You are resistant to unholy torment.
You are immune to petrification.


Message History

The foxfire hits the howler monkey but does no damage.
The howler monkey is moderately wounded.
Unknown command.
Casting: Foxfire (safe; 1% risk of failure)
Confirm with . or Enter, or press ? or * to list all spells.
You conjure some foxfire!
The foxfire hits the howler monkey.
The howler monkey is heavily wounded.
The foxfire hits the howler monkey.
The howler monkey is severely wounded.
Maurice casts a spell.
Maurice flickers and vanishes!
Deactivating autopickup; reactivate with Ctrl-A.
Joseph unwields a +2 spectral quarterstaff.
Joseph wields a +0 hunting sling.
Joseph shoots a sling bullet.
The sling bullet hits you!
Casting: Foxfire (safe; 1% risk of failure)
Confirm with . or Enter, or press ? or * to list all spells.
You conjure some foxfire!
The foxfire hits the howler monkey!
You kill the howler monkey!
Vehumet accepts your kill.
Unknown command.
Your foxfire dissipates!
The foxfire hits Joseph!
Joseph is moderately wounded.
The foxfire hits Joseph.
Joseph is moderately wounded.
Joseph shoots a sling bullet.
The sling bullet closely misses you.
There is a stone staircase leading up here.
Casting: Foxfire (safe; 1% risk of failure)
Confirm with . or Enter, or press ? or * to list all spells.
The spell is quite dangerous to cast (14% risk of failure)!
Continue anyway?
Aiming: Bolt of Magma (quite dangerous; 14% risk of failure)
Press: ? - help, Shift-Dir - straight line, f - Joseph
Aim: Joseph, wielding a +0 hunting sling, wearing a +0 leather armour and quivering sling bullets (moderately wounded, 68% to hit)
You miscast Bolt of Magma.
You are very lightly contaminated with residual magic.
A wave of violent energy washes through your body!
You hear a zap.
Your mind is blasted!
You die...

#####.....#
..........#
.......†..#
......$...#
..@.§§@...#####
....§.#........
..... #{#######
.... #.# ...
#@# ## ###


You could see Joseph.

Vanquished Creatures
  3 slime creatures (D:5)
  Sigmund (D:3)
  A water moccasin (D:7)
  A sky beast (D:7)
  2 orc warriors
  3 black bears
  2 ice beasts
  An ogre (D:4)
  3 kobold brigands (D:5)
  6 scorpions
  A water moccasin skeleton (D:5)
  3 killer bees (D:6)
  5 wights (D:7)
  3 howler monkeys
  2 orc priests
  2 bullfrog zombies
  3 hounds
  3 jellies (D:5)
  2 bullfrog skeletons
  3 iguanas
  Terence (D:2)
  A scorpion zombie (D:5)
  Natasha (thrice) (D:2)
  6 orc wizards
  A hound skeleton (D:4)
  Robin (D:2)
  6 gnolls
  8 adders
  A white imp (D:6)
  3 ufetubi
  3 worms
  2 dart slugs (D:1)
  12 orcs
  7 ball pythons
  14 endoplasms
  6 giant cockroaches
  14 goblins
  7 hobgoblins
  2 jackals (D:5)
  10 kobolds
  3 quokkas
  7 bats
  6 frilled lizards
  5 rats
179 creatures vanquished.

Vanquished Creatures (others)
  643 foxfires
  9 fungi
  2 plants (D:6)
  8 toadstools (D:5)
662 creatures vanquished.

Grand Total: 841 creatures vanquished

Notes
Turn   | Place    | Note
-------+----------+-------------------------------------------
     0 | D:1      | funkygono the Gargoyle Fire Elementalist began the quest
                  | for the Orb.
     0 | D:1      | Reached XP level 1. HP: 10/10 MP: 3/3
   231 | D:1      | Reached XP level 2. HP: 15/15 MP: 0/5
   650 | D:1      | Reached XP level 3. HP: 19/19 MP: 2/6
  1147 | D:1      | Learned a level 1 spell: Sandblast
  1223 | D:2      | Noticed Robin
  1719 | D:2      | Killed Robin
  1784 | D:2      | Noticed Terence
  1815 | D:2      | Killed Terence
  1816 | D:2      | Reached XP level 4. HP: 24/24 MP: 1/7
  1953 | D:2      | Got Iquad's Disquisition on Sinister Earth
  2068 | D:2      | Noticed Natasha
  2076 | D:2      | Killed Natasha
  2077 | D:2      | Reached XP level 5. HP: 5/28 MP: 5/9
  2219 | D:2      | Noticed Natasha
  2225 | D:2      | Killed Natasha
  2226 | D:2      | Reached skill level 1 in Maces & Flails
  2226 | D:2      | Reached skill level 1 in Earth Magic
  2483 | D:2      | Reached skill level 3 in Spellcasting
  2545 | D:2      | Noticed Natasha
  2553 | D:2      | Killed Natasha
  2875 | D:2      | Learned a level 3 spell: Conjure Flame
  2880 | D:2      | Learned a level 4 spell: Sticky Flame
  3419 | D:3      | Noticed Sigmund
  3427 | D:3      | Killed Sigmund
  3428 | D:3      | Reached XP level 6. HP: 20/33 MP: 2/11
  3571 | D:3      | Found Hethuk's Antique Armour Shoppe.
  4320 | D:4      | Reached skill level 4 in Spellcasting
  4320 | D:4      | Reached XP level 7. HP: 37/37 MP: 1/13
  4797 | D:4      | Reached skill level 5 in Fire Magic
  5223 | D:4      | Found a runed translucent door.
  5224 | D:4      | Noticed Zleub's ghost (novice HOFi)
  5572 | D:4      | Learned a level 5 spell: Fireball
  5588 | D:5      | Entered Level 5 of the Dungeon
  5722 | D:5      | Reached skill level 5 in Spellcasting
  5724 | D:5      | Reached XP level 8. HP: 42/42 MP: 8/15
  6404 | D:5      | Found a staircase to the Ecumenical Temple.
  6413 | Temple   | Entered the Ecumenical Temple
  6520 | Temple   | Became a worshipper of Vehumet
  6907 | D:5      | Reached skill level 6 in Spellcasting
  7054 | D:5      | Noticed a slime creature
  7054 | D:5      | Noticed a slime creature
  7054 | D:5      | Noticed a slime creature
  7096 | D:5      | Reached skill level 5 in Conjurations
  7103 | D:5      | Killed a slime creature
  7104 | D:5      | Reached XP level 9. HP: 29/46 MP: 0/18
  7440 | D:5      | Reached skill level 1 in Fighting
  7543 | D:5      | Reached skill level 7 in Spellcasting
  7609 | D:5      | Identified a scroll of acquirement
  7609 | D:5      | Acquired Sif Muna's Tome of the Flying Volcanoes
  7619 | D:5      | Learned a level 5 spell: Bolt of Magma
  7922 | D:6      | Found a runed translucent gate.
  7922 | D:6      | Noticed a kobold demonologist
  7923 | D:6      | Found a runed translucent gate.
  7925 | D:6      | Noticed tevior's ghost (novice DDEE)
  7926 | D:6      | Found a runed translucent gate.
  8237 | D:6      | Reached * piety under Vehumet
  8237 | D:6      | Offered knowledge of Magic Dart by Vehumet.
  8311 | D:6      | Reached skill level 5 in Earth Magic
  9060 | D:7      | Reached skill level 8 in Spellcasting
  9492 | D:7      | Reached XP level 10. HP: 52/52 MP: 16/22
 10179 | D:7      | Learned a level 6 spell: Starburst
 10209 | D:8      | Noticed Maurice
 10211 | D:8      | Noticed Joseph
 10220 | D:8      | Blown up by Maurice

Illustrated notes

Levels and vault maps discovered:
D:1:      ncdulo_wetmaze, layout_loops_ring, corexii_leaking_fountain
D:2:      layout_rooms, hangedman_decor_riveting, uniq_terence, uniq_robin,
          uniq_natasha
D:3:      layout_basic, serial_shops, nicolae_shop_window_shopping, uniq_sigmund
D:4:      layout_basic, ebering_ghost_inner_flame, st_stairs_7,
          kennysheep_doodads
D:5:      cheibrodos_fertilizer, layout_rooms,
          minmay_temple_entry_statues_fountains, st_stairs_3
D:6:      layout_loops_cross, gammafunk_ghost_nasty_kobolds,
          minmay_fractal_squares_5
D:7:      layout_basic, chequers_jeans, minivault_25
D:8:      layout_basic, uniq_harold, uniq_joseph, uniq_maurice
Temple:   roderic_octagonal_lattice_temple

Skill      XL: |  1  2  3  4  5  6  7  8  9 10 |
---------------+-------------------------------+-----
Fire Magic     | 4 5 6 7 |  7.5
Conjurations   | 2 3 4 5 6 |  6.8
Maces & Flails | 1 2 |  2.1
Dodging        | 2 |  2.4
Earth Magic    | 2 3 4 5 |  5.5
Spellcasting   | 3 4 5 6 8 |  8.5
Fighting       | 1 |  1.4
Stealth        | |  2.1

Action                   |  1- 3 |  4- 6 |  7- 9 | 10-12 || total
-------------------------+-------+-------+-------+-------++-------
Melee: Flail             |     7 |       |       |       ||     7
       Mace              |    46 |    11 |    19 |     4 ||    80
 Cast: Foxfire           |    60 |    90 |   231 |    16 ||   397
       Sandblast         |       |     3 |    50 |     3 ||    56
       Sticky Flame      |       |       |    14 |     4 ||    18
       Fireball          |       |       |       |     1 ||     1
       Bolt of Magma     |       |       |       |     1 ||     1
  Use: Scroll            |     2 |     3 |     7 |       ||    12
Armor: Robe              |    30 |       |       |       ||    30
       Animal skin       |     3 |     3 |       |       ||     6
       Steam dragon scal |       |       |    18 |     5 ||    23
Dodge: Dodged            |    65 |    14 |    51 |    10 ||   140
